 Dungeon Crawl Stone Soup version 0.14.0-12-g87ee3b7 (webtiles) character file.

73 Leibowitz the Cutter (level 4, 0/40 HPs)
             Began as a Kobold Gladiator on Apr 15, 2014.
             Succumbed to an adder's poison
             ... on Level 2 of the Dungeon.
             The game lasted 00:04:24 (875 turns).

Leibowitz the Cutter (Kobold Gladiator)              Turns: 875, Time: 00:04:24

HP   0/40        AC 23     Str 14      XL: 4   Next: 10%
MP   4/4         EV  1     Int  6      God:
Gold 20          SH  0     Dex 16      Spells:  0 memorised,  3 levels left

rFire  . . .     SeeInvis +     a - +0 cutlass
rCold  . . .     Clarity  .     b - melded +0 leather armour
rNeg   + + +     Conserve .     (no shield)
rPois  +         rCorr    .     c - +0 helmet
rElec  .         rRot     .     (cloak currently unavailable)
SustAb . .       Spirit   .     (gloves currently unavailable)
rMut   .         Warding  .     (boots currently unavailable)
Saprov + + .     NoTele   +     e - amulet of rage
MR     .....                    k - ring of wizardry
                                g - ring of see invisible {unknown}

@: tree-form, lethally poisoned, not resistant to hostile enchantments, fairly
stealthy
A: disease resistance, carnivore 3, saprovore 2
a: Evoke Berserk Rage


You were on level 2 of the Dungeon.
You were not hungry.
You were an animated tree.
You visited 1 branch of the dungeon, and saw 2 of its levels.

You collected 20 gold pieces.

Inventory:

Hand weapons
 a - a +0,+0 cutlass (weapon)
Missiles
 d - 2 throwing nets (quivered)
 l - 15 stones
 n - 5 poisoned needles
Armour
 b - a +0 leather armour (melded)
 c - a +0 helmet (worn)
Comestibles
 f - a meat ration
 h - a chunk of bat flesh
Jewellery
 e - an amulet of rage (around neck)
 g - a ring of see invisible (left branch) {unknown}
 k - a ring of wizardry (right branch)
Potions
 i - a potion of paralysis
 m - a potion of magic {unknown}


   Skills:
 * Level 2.5 Fighting
 + Level 4.7 Short Blades
 - Level 2.6 Throwing
 + Level 4.7 Dodging
 * Level 1.3 Stealth


You had 3 spell levels left.
You didn't know any spells.

Dungeon Overview and Level Annotations

Branches:
Dungeon (2/15)

Altars:
Nemelex Xobeh


Innate Abilities, Weirdness & Mutations

You recuperate from illness quickly.
You are small and have problems with some larger weapons.
You are carnivorous and can eat meat at any time.
You can eat rotten meat.


Message History

You are lethally poisoned!
The adder poisons you!
Drink which item? (? for menu, Esc to quit)
You suddenly lose the ability to move!
It was a potion of paralysis.
The adder bites you.
* * * LOW HITPOINT WARNING * * *
You are more poisoned.
The adder poisons you!
* * * LOW HITPOINT WARNING * * *
You feel sick. The adder bites you.
* * * LOW HITPOINT WARNING * * *
The adder bites you but does no damage.
* * * LOW HITPOINT WARNING * * *
You feel sick. The adder bites you but does no damage.
You can move again.
Drink which item? (? for menu, Esc to quit)
You turn into an animated tree.
Your +0 leather armour melds into your body.
Your roots penetrate the ground.
It was a potion of lignification.
You die...

#........# #.#
#######.## #.# . #.#
#.# (.# #.# #.# ...#
#.# #.# ....#
...####<####.##.....%.
#......................
...####.####.#####.##.
#.# #♣# #.# #S# #.# .s.
#.# ..... #.##.[....
#.........# ###....?.#
#..=...# ...


You could see an adder and a giant cockroach.

Vanquished Creatures
  A gnoll (D:1)
  An adder (D:2)
  A giant gecko (D:1)
  An ooze (D:1)
  4 hobgoblins (D:1)
  4 jackals (D:1)
  5 kobolds (D:1)
  8 bats
  A giant cockroach (D:1)
  A giant newt (D:1)
  2 goblins (D:1)
  A rat (D:1)
30 creatures vanquished.

Notes
Turn   | Place    | Note
--------------------------------------------------------------
     0 | D:1      | Leibowitz, the Kobold Gladiator, began the quest for the Orb.
     0 | D:1      | Reached XP level 1. HP: 12/12 MP: 1/1
    24 | D:1      | Found a sparkling altar of Nemelex Xobeh.
    84 | D:1      | Reached XP level 2. HP: 16/18 MP: 2/2
   178 | D:1      | Reached XP level 3. HP: 15/22 MP: 3/3
   868 | D:2      | Reached skill level 1 in Stealth
   868 | D:2      | Reached XP level 4. HP: 15/27 MP: 4/4
   872 | D:2      | Paralysed by a potion of paralysis for 3 turns
   873 | D:2      | HP: 1/27 [adder (2)]
   875 | D:2      | Succumbed to an adder's poison

Action                   |  1- 3 |  4- 6 || total
-------------------------+-------+-------++-------
Melee: Cutlass           |   124 |     3 ||   127
Throw: Throwing net      |     1 |       ||     1
  Use: Potion            |     1 |     2 ||     3
 Stab: Held in net/web   |     1 |       ||     1
